 Dungeon Crawl Stone Soup version 0.26-a0-278-g3b0d5afba5 (webtiles) character file.

Game seed: 13639230559900252409

145 Infinimo the Chiller (level 5, -1/35 HPs)
             Began as a Merfolk Ice Elementalist on July 12, 2020.
             Was an Initiate of Gozag.
             Killed by divine providence
             ... invoked by an orc priest
              (16 damage)
             ... on level 3 of the Dungeon.
             The game lasted 00:04:16 (2596 turns).

Infinimo the Chiller (Merfolk Ice Elementalist)     Turns: 2596, Time: 00:04:17

Health: -1/35      AC:  3    Str:  9    XL:     5   Next: 27%
Magic:  9/9        EV: 13    Int: 15    God:    Gozag
Gold:   162        SH:  0    Dex: 14    Spells: 6/10 levels left

rFire    . . .     SeeInvis .   o - staff of earth
rCold    . . .     Faith    .   (no shield)
rNeg     . . .     Spirit   .   a - +0 robe
rPois    .         Reflect  .   (no helmet)
rElec    .         Harm     .   (no cloak)
rCorr    .                      (no gloves)
MR       .....                  p - +0 pair of boots
Stlth    ++........             (no amulet)
HPRegen  0.11/turn              (no ring)
MPRegen  0.11/turn              (no ring)

@: no status effects
A: change form in water, swift swim, stealthy swim
a: Potion Petition, Call Merchant, Bribe Branch, Renounce Religion


You were on level 3 of the Dungeon.
You worshipped Gozag.
Gozag was aware of your devotion.
You visited 1 branch of the dungeon, and saw 3 of its levels.

You collected 202 gold pieces.
You paid 40 gold pieces to Gozag.

Inventory:

Missiles
 g - a boomerang (quivered)
Armour
 a - a +0 robe (worn)
 p - a +0 pair of boots (worn)
Magical Staves
 o - an uncursed staff of earth (weapon)
Jewellery
 i - an uncursed ring of wizardry {unknown}
Scrolls
 b - 6 scrolls of identify {unknown}
 e - 4 scrolls of teleportation {unknown}
 f - 2 scrolls of enchant weapon {unknown}
 k - a scroll of remove curse {unknown}
 m - a scroll of blinking {unknown}
Potions
 c - a potion of might {unknown}
 d - a potion of invisibility {unknown}
 h - a potion of ambrosia {unknown}
 j - a potion of flight {unknown}
 l - 3 potions of heal wounds {unknown}
 n - a potion of curing {unknown}
 q - a potion of brilliance {unknown}


   Skills:
 - Level 2.6 Dodging
 - Level 2.1 Stealth
 + Level 3.1 Spellcasting
 * Level 6.3 Ice Magic


You had 6 spell levels left.
You knew the following spells:

 Your Spells              Type           Power        Failure   Level
a - Freeze                Ice            ###.         1%          1
b - Frozen Ramparts       Ice            ###...       4%          3

Your spell library contained the following spells:

 Spells                   Type           Power        Failure   Level
 Ozocubu's Armour         Chrm/Ice       ##......     16%         3
 Hailstorm                Conj/Ice       ##......     47%         4
 Summon Ice Beast         Ice/Summ       ##......     47%         4


Dungeon Overview and Level Annotations

Branches:
Dungeon (3/15)

Altars:
Gozag


Message History

Beogh smites you!
The orc priest mumbles some strange prayers to Beogh against you.
Beogh smites you!
* * * LOW HITPOINT WARNING * * *
The orc priest calls upon Beogh to heal something.
The orc priest looks satisfied for a moment.
An orc comes into view. It is wielding a +0 antimagic whip.
An orc comes into view.
The orc moves out of view.
The orc shouts!
You hear a shout!
The orc drinks a potion.
The orc seems to speed up.
An orc comes into view. It is wielding a +0 morningstar.
You see here a stone.
Items here: ))) [ a +0 leather armour; a +0 mace; a +0 dagger; a +0 war axe
There is a stone staircase leading up here.
The orc priest invokes the aid of Beogh against you.
Beogh smites you!
You die...
Your body crumbles into a pile of gold.

#......###.♣_♣..# #.#
##......##...♣...# #.#
........##.......# #.#
...>.............# #.#
##.......######..##############.#
....#............................
#..#.....########################
.........# #....)#
...#>....###oo.o@#
..#......o[o.....#
.........###.....# ..#####.##
####### ..# #.# $ )## ###.# ##
#...## # #####....####....
......._./....#


You could see an orc priest and 4 orcs.

Vanquished Creatures
  Jessica (D:2)
  5 adders
  A worm (D:3)
  3 dart slugs (D:1)
  2 leopard geckos
  4 orcs (D:3)
  3 giant cockroaches
  4 goblins
  13 hobgoblins
  2 jackals (D:3)
  6 kobolds
  A quokka (D:3)
  2 ball pythons (D:3)
  A bat (D:2)
  2 frilled lizards
  7 rats
57 creatures vanquished.

Notes
Turn   | Place    | Note
-------+----------+-------------------------------------------
     0 | D:1      | Infinimo the Merfolk Ice Elementalist began the quest for
                  | the Orb.
     0 | D:1      | Reached XP level 1. HP: 13/13 MP: 3/3
    96 | D:1      | Reached XP level 2. HP: 19/19 MP: 1/5
   417 | D:1      | Reached skill level 5 in Ice Magic
   889 | D:1      | Reached XP level 3. HP: 24/24 MP: 4/6
  1441 | D:2      | Reached XP level 4. HP: 25/30 MP: 4/8
  1632 | D:2      | Noticed Jessica
  1639 | D:2      | Killed Jessica
  1871 | D:2      | Learned a level 3 spell: Frozen Ramparts
  1897 | D:3      | Found an opulent altar of Gozag.
  1908 | D:3      | Reached skill level 6 in Ice Magic
  2170 | D:3      | Became a worshipper of Gozag Ym Sagoz the Greedy
  2199 | D:3      | Found a faded altar of an unknown god.
  2207 | D:3      | Reached XP level 5. HP: 32/35 MP: 7/9
  2596 | D:3      | Killed from afar by an orc priest

Illustrated notes

Levels and vault maps discovered:
D:1:      dpeg_arrival_solitude, layout_basic, minmay_pentomino_s2
D:2:      layout_rooms, uniq_jessica
D:3:      minmay_recursive_quarters, layout_rooms,
          nicolae_overflow_crystal_walls, chequers_ecumenical_altar_simple,
          minmay_close_crescents

Skill      XL: |  1  2  3  4 |
---------------+-------------+-----
Ice Magic      | 5 6 |  6.3
Spellcasting   | 3 |  3.1
Dodging        | |  2.6
Stealth        | |  2.1

Action                   |  1- 3 |  4- 6 || total
-------------------------+-------+-------++-------
Melee: Unarmed           |     4 |       ||     4
Throw: Boomerang         |    25 |    76 ||   101
 Cast: Freeze            |    36 |    20 ||    56
Armor: Robe              |     2 |     6 ||     8
Dodge: Dodged            |    14 |    37 ||    51

Table legend:
 A = Non-vault XP
 B = Vault XP
 C = Vault XP percentage of total XP
 D = Non-vault monster count
 E = Vault monster count
 F = Vault count percentage of total count
                 A         B        C        D         E       F
            +---------+---------+-------+---------+---------+-------
      Total |     166 |      42 |  20.2 |      54 |       3 |   5.3
            +---------+---------+-------+---------+---------+-------
        D:1 |      39 |       5 |  11.4 |      19 |       2 |   9.5
        D:2 |      48 |      37 |  43.5 |      14 |       1 |   6.7
        D:3 |      79 |       0 |   0.0 |      21 |       0 |   0.0
            +---------+---------+-------+---------+---------+-------
